AoeStats
← AlejoLodbrok

Arena

510196224Analyzed
2v2 RM · 22h ago on Sep 29, 2026· 41m 33s· 4 players
Game mode
Random Map
Map size
Medium (4 player)
Population
200
Speed
Normal
Resources
Standard
Victory
Conquest
Starting age
Dark Age
Ending age
Imperial Age
RankedLock teamsTeams togetherTeam positionsShared explorationLock speedFull tech treeHidden civsTurbo modeCheats
Victory
Defeat
🇨🇴 Maya · Colombia
650
+15
🇨🇴 Malay · Colombia
581
+17
🇨🇱 Italians · Chile
614
-30
🇨🇱 Japanese · Chile
614
-30
pensandobrigido1
11:39 Feudal Age
12:15 Double-Bit Axe
13:46 Wheelbarrow
12:57 Horse Collar
15:51 Town Watch
19:22 Castle Age
17:39 Gold Mining
17:44 Stone Mining
19:11 Padded Archer Armor
19:02 Fletching
19:13 Scale Mail Armor
20:04 Forging
20:35 Bow Saw
22:00 Hand Cart
24:54 Heavy Plow
25:32 Stone Shaft Mining
24:58 Bodkin Arrow
30:24 Squires
30:10 Arson
33:39 Leather Archer Armor
33:40 Chain Mail Armor
34:02 Iron Casting
40:30 Imperial Age
39:15 Ballistics
el 3.14chula
11:38 Feudal Age
15:55 Double-Bit Axe
16:45 Horse Collar
20:16 Castle Age
20:23 Stone Mining
23:09 Bow Saw
25:50 Forging
25:41 Scale Mail Armor
29:10 Heavy Plow
31:14 Loom
36:52 Iron Casting
37:25 Gold Mining
38:33 Chain Mail Armor
43:54 Imperial Age
J Stark 8910
0:51 Loom
13:17 Feudal Age
14:35 Wheelbarrow
13:43 Horse Collar
13:51 Double-Bit Axe
18:51 Gold Mining
18:52 Stone Mining
22:05 Castle Age
20:56 Fletching
21:07 Padded Archer Armor
23:04 Bodkin Arrow
22:33 Crossbowman
24:29 Thumb Ring
24:43 Leather Archer Armor
26:14 Bow Saw
26:07 Heavy Plow
29:34 Town Watch
36:20 Imperial Age
33:49 Murder Holes
36:04 Treadmill Crane
38:33 Chemistry
38:05 Ballistics
39:45 Masonry
41:17 Arbalester
AlejoLodbrok
4:51 Loom
11:03 Feudal Age
13:24 Double-Bit Axe
13:37 Horse Collar
19:51 Castle Age
18:31 Forging
21:00 Wheelbarrow
20:31 Gold Mining
20:17 Man-at-Arms
25:13 Hand Cart
26:00 Bow Saw
27:03 Iron Casting
27:51 Gold Shaft Mining
30:39 Murder Holes
33:58 Imperial Age
32:07 Ballistics
31:59 Masonry
31:55 Padded Archer Armor
31:45 Fletching
31:21 Elite Skirmisher
32:39 Stone Mining
35:11 Chemistry
35:20 Fletching
38:22 Bodkin Arrow
38:43 Leather Archer Armor
40:46 Elite Karambit Warrior
Connection lost

Rejoining the realm…

Still unreachable

The connection could not be restored.

Session expired

The server has moved on; the page needs a fresh start.